 Dungeon Crawl Stone Soup version 0.30-a0-358-g0d69a1922f (webtiles) character file.

Game seed: 193823506303842991

23 MacCMillion the Ruffian (level 3, 26/28 HPs)
             Began as a Gnoll Wanderer on Nov 11, 2022.
             Quit the game on level 1 of the Dungeon on Nov 17, 2022.
             The game lasted 00:03:33 (817 turns).

MacCMillion the Ruffian (Gnoll Wanderer)             Turns: 817, Time: 00:03:33

Health: 26/28      AC:  5    Str: 13    XL:     3   Next: 0%
Magic:  7/7        EV: 10    Int: 14    God:
Gold:   36         SH:  0    Dex:  8    Spells: 6/7 levels left

rFire   . . .      SeeInvis .    f - +0 short sword
rCold   . . .      Faith    .    (no shield)
rNeg    . . .      Spirit   .    c - +0 ring mail
rPois   .          Reflect  .    (no helmet)
rElec   .          Harm     .    (no cloak)
rCorr   .          Rampage  .    (no gloves)
Will    .....                    (no boots)
Stlth   +.........               (no amulet)
HPRegen 0.24/turn                (no ring)
MPRegen 0.10/turn                (no ring)

@: no status effects
A: fangs 1, strong nose, distributed training
a: no special abilities


You were on level 1 of the Dungeon.
You visited 1 branch of the dungeon, and saw 1 of its levels.

You collected 36 gold pieces.

Inventory:

Hand Weapons
 a - a +0 club
 f - a +0 short sword (weapon)
Armour
 c - a +0 ring mail (worn)
 i - a +0 buckler
Scrolls
 d - 2 scrolls of teleportation
 h - a scroll of vulnerability {unknown}
Potions
 b - a potion of berserk rage
 e - a potion of haste
 g - 3 potions of curing {unknown}


   Skills:
 + Level 2.5 Fighting
 + Level 0.6 Short Blades
 + Level 0.6 Long Blades
 + Level 0.6 Axes
 + Level 0.6 Maces & Flails
 + Level 0.6 Polearms
 + Level 0.6 Staves
 + Level 0.6 Ranged Weapons
 + Level 0.6 Throwing
 + Level 2.5 Armour
 + Level 2.5 Dodging
 + Level 2.3 Stealth
 + Level 0.6 Shields
 + Level 6.5 Unarmed Combat
 + Level 2.8 Spellcasting
 + Level 0.4 Conjurations
 + Level 0.4 Hexes
 + Level 0.4 Summonings
 + Level 0.4 Necromancy
 + Level 0.4 Translocations
 + Level 0.4 Transmutations
 + Level 2.1 Fire Magic
 + Level 0.4 Ice Magic
 + Level 0.4 Air Magic
 + Level 0.4 Earth Magic
 + Level 0.4 Poison Magic
 + Level 0.8 Invocations
 + Level 2.5 Evocations


You had 6 spell levels left.
You knew the following spells:

 Your Spells              Type           Power      Damage    Failure   Level
a - Foxfire               Conj/Fire      20%        2x1d5     26%         1

Your spell library contained the following spells:

 Spells                   Type           Power      Damage    Failure   Level
 Kindle Blastsparks       Fire/Tloc/Air  8%         2d10      65%         3


Dungeon Overview and Level Annotations

Branches:
Dungeon (1/15)

Altars:


Innate Abilities, Weirdness & Mutations

You have very sharp teeth.
Your uncanny sense of smell can sniff out nearby items.
Your experience applies equally to all skills.


Message History

The frilled lizard bites you but does no damage.
You miss the frilled lizard. The frilled lizard closely misses you.
You hit the frilled lizard.
You kill the frilled lizard!
You see here a frilled lizard corpse.
Found a scroll of teleportation.
Your magical contamination has completely faded away.
d - 2 scrolls of teleportation (gained 1)
Found a short sword.
You see here a +0 short sword.
Found a stone staircase leading down.
There is a stone staircase leading down here.
Found a stone staircase leading down.
A kobold comes into view. It is wielding a +0 dagger.
The kobold shouts!
The kobold hits you with a +0 dagger.
You miss the kobold. Your bite misses the kobold.
The kobold hits you but does no damage.
You hit the kobold. Your bite misses the kobold.
The kobold is severely wounded.
The kobold barely misses you.
You hit the kobold.
You kill the kobold!
You have reached level 3!
Your experience leads to an increase in your attributes!
Increase (S)trength, (I)ntelligence, or (D)exterity?
You feel stronger. x2
Unknown command.
What are your orders? t - Bark!
Orders for allies: a - Attack new target. r - Retreat! s - Stop attacking. g - Guard the area. f - Follow me.
Anything else - Cancel.
Okay, then.
Welcome back, MacCMillion the Gnoll Wanderer.
Press ? for a list of commands and other information.
Welcome back, MacCMillion the Gnoll Wanderer.
Press ? for a list of commands and other information.
Are you sure you want to abandon this character and quit the game? (Confirm with "yes".)

...#
#......
#.# ####
#......#
#.#
#......#
#.#
#......###
#.#
#......+..
#.#
#......##.
#.# ∆
#.###.#
#(#...#
#.@.###
##..# ##>#
#.# ..#
..# ..#
...#


There were no monsters in sight!

Vanquished Creatures
  A dart slug (D:1)
  A ball python (D:1)
  A bat (D:1)
  2 endoplasms (D:1)
  A giant cockroach (D:1)
  2 goblins (D:1)
  A hobgoblin (D:1)
  3 jackals (D:1)
  A frilled lizard (D:1)
  5 kobolds (D:1)
  A rat (D:1)
19 creatures vanquished.

Vanquished Creatures (others)
  37 foxfires (D:1)
37 creatures vanquished.

Grand Total: 56 creatures vanquished

Notes
Turn   | Place    | Note
-------+----------+-------------------------------------------
     0 | D:1      | MacCMillion the Gnoll Wanderer began the quest for the Orb.
     0 | D:1      | MacCMillion set off with the following items: a +0 club, a
                  | potion of berserk rage, a +0 ring mail, a scroll of
                  | teleportation, a potion of haste; and the following spell
                  | memorised: Foxfire; and the following spells available to
                  | memorise: Kindle Blastsparks.
     0 | D:1      | Reached XP level 1. HP: 17/17 MP: 4/4
   126 | D:1      | Reached XP level 2. HP: 23/23 MP: 0/5
   817 | D:1      | Reached XP level 3. HP: 26/28 MP: 7/7
   817 | D:1      | Quit the game

Illustrated notes

Levels and vault maps discovered:
D:1:      dpeg_arrival_short_road, layout_basic

Skill      XL: |  1 |
---------------+----+-----
Fire Magic     | 2 |  2.1
Fighting       | |  2.5
Short Blades   | |  0.6
Long Blades    | |  0.6
Axes           | |  0.6
Maces & Flails | |  0.6
Polearms       | |  0.6
Staves         | |  0.6
Ranged Weapons | |  0.6
Throwing       | |  0.6
Armour         | |  2.5
Dodging        | |  2.5
Stealth        | |  2.3
Shields        | |  0.6
Unarmed Combat | |  6.5
Spellcasting   | |  2.8
Conjurations   | |  0.4
Hexes          | |  0.4
Summonings     | |  0.4
Necromancy     | |  0.4
Translocations | |  0.4
Transmutations | |  0.4
Ice Magic      | |  0.4
Air Magic      | |  0.4
Earth Magic    | |  0.4
Poison Magic   | |  0.4
Invocations    | |  0.8
Evocations     | |  2.5

Action                   || total
-------------------------++-------
Melee: Club              ||    20
       Bite              ||     3
       Short sword       ||    24
 Cast: Foxfire           ||    22
Armor: Ring mail         ||    27
Dodge: Dodged            ||    27

Table legend: (Time is in decaauts)
 A = Elapsed time spent in this place.
 B = Non-inter-level travel time spent in this place.
 C = Inter-level travel time spent in this place.
 D = Time resting spent in this place.
 E = Time spent auto-exploring this place.
 F = Levels seen in this place.
 G = Mean time per level.
                   A        B        C        D        E       F      G
               +--------+--------+--------+--------+--------+-----+--------+
         Total |    822 |    822 |      0 |    109 |    543 |   1 |  822.0 |
       Dungeon |    822 |    822 |      0 |    109 |    543 |   1 |  822.0 |
               +--------+--------+--------+--------+--------+-----+--------+

Top non-repeatable levels by time:
     D:1: 822 daAuts
